 Dungeon Crawl Stone Soup version 0.29.1-12-g30fa7ad0bf (webtiles) character file.

Game seed: 4172530063588385452

53 Radix the Shield-Bearer (level 4, -6/35 HPs)
             Began as a Human Fighter on Dec 28, 2022.
             Killed by divine providence
             ... invoked by an orc priest
              (12 damage)
             ... on level 3 of the Dungeon.
             The game lasted 00:05:37 (2482 turns).

Radix the Shield-Bearer (Human Fighter)             Turns: 2482, Time: 00:05:38

Health: -6/35      AC:  6    Str: 16    XL:     4   Next: 11%
Magic:  4/4        EV:  8    Int: 11    God:
Gold:   67         SH:  5    Dex: 12    Spells: 3/3 levels left

rFire   . . .      SeeInvis .   a - +0 war axe
rCold   . . .      Faith    .   c - +1 buckler
rNeg    . . .      Spirit   .   b - +0 scale mail
rPois   .          Reflect  .   (no helmet)
rElec   .          Harm     +   g - scarf {harm}
rCorr   .          Rampage  .   (no gloves)
Will    .....                   (no boots)
Stlth   ..........              (no amulet)
HPRegen 0.11/turn               (no ring)
MPRegen 0.09/turn               (no ring)

@: mighty
A: no striking features
a: no special abilities


You were on level 3 of the Dungeon.
You visited 1 branch of the dungeon, and saw 3 of its levels.

You collected 67 gold pieces.

Inventory:

Hand Weapons
 a - a +0 war axe (weapon)
Armour
 b - a +0 scale mail (worn)
 c - a +1 buckler (worn)
 g - a scarf of harm (worn)
 l - a +0 robe of willpower
Wands
 n - a wand of light (4)
Scrolls
 h - 4 scrolls of teleportation
 k - a scroll of immolation
 o - 2 scrolls of vulnerability
Potions
 f - 2 potions of curing
 i - a potion of invisibility {unknown}
 m - a potion of resistance {unknown}
 q - a potion of berserk rage {unknown}


   Skills:
 + Level 3.4 Fighting
 + Level 2.6 Axes
 + Level 3.4 Armour
 + Level 3.4 Shields


You had 3 spell levels left.
You didn't know any spells.
Your spell library contained the following spells:

 Spells                   Type           Power      Damage    Failure   Level
 Magic Dart               Conj           0%         1d3       86%         1
 Shock                    Conj/Air       0%         1d3       86%         1
 Call Imp                 Summ           0%         N/A       94%         2
 Mephitic Cloud           Conj/Pois/Air  0%         N/A       99%         3
 Portal Projectile        Hex/Tloc       0%         N/A       99%         3
 Summon Guardian Golem    Hex/Summ       0%         N/A       99%         3
 Swiftness                Air            0%         N/A       99%         3
 Tukima's Dance           Hex            0%         N/A       99%         3
 Airstrike                Air            0%         2d(0-16)  100%        4
 Blade Hands              Tmut           0%         N/A       100%        5
 Orb of Destruction       Conj           0%         9d5       100%        7
 Spellforged Servitor     Conj/Summ      0%         N/A       100%        7


Dungeon Overview and Level Annotations

Branches:
Dungeon (3/15)

Altars:


Message History

The gnoll hits you with a +0 whip.
You hit the gnoll.
The gnoll is heavily wounded.
An orc comes into view.
It is wielding a +0 mace and quivering atropa-tipped darts.
The gnoll hits you with a +0 whip.
You barely miss the gnoll.
The gnoll is heavily wounded.
The gnoll looks more healthy.
The gnoll hits you with a +0 whip.
A gnoll comes into view. It is wielding a +0 whip.
The gnoll hits you with a +0 whip!
The gnoll moves out of view.
You hit the gnoll but do no damage.
The gnoll is severely wounded.
The gnoll hits you with a +0 whip!
* * * LOW HITPOINT WARNING * * *
You barely miss the gnoll.
The gnoll is severely wounded.
The gnoll hits you with a +0 whip.
* * * LOW HITPOINT WARNING * * *
The gnoll hits you with a +0 whip.
* * * LOW HITPOINT WARNING * * *
Unknown command.
It was a potion of curing.
You feel better. The gnoll hits you with a +0 whip.
You feel very mighty all of a sudden. The gnoll barely misses you.
You hit the gnoll.
The gnoll is severely wounded.
The gnoll hits you with a +0 whip.
You slash the gnoll!
You kill the gnoll!
The orc hits you with a +0 hand axe.
* * * LOW HITPOINT WARNING * * *
You have reached level 4!
You feel clever.
You slash the orc!
You kill the orc!
You slash the gnoll!
The gnoll is severely wounded.
The orc priest invokes the aid of Beogh against you.
Beogh smites you!
You die...

## #. #########
###.
#.......#######...
#.#####...........
#.# #########...
#@# ###. #g# #.
#o# ##


or. # #g# # #o# . #(# . ... .# You could see an orc priest, 2 gnolls, 2 orcs and
a quokka.

Vanquished Creatures
  A gnoll (D:3)
  An adder (D:2)
  2 worms (D:2)
  An orc (D:3)
  A ball python (D:1)
  2 endoplasms
  2 giant cockroaches (D:1)
  6 goblins (D:1)
  3 quokkas
  2 bats (D:1)
  A frilled lizard (D:1)
  2 kobolds
  2 rats
26 creatures vanquished.

Notes
Turn   | Place    | Note
-------+----------+-------------------------------------------
     0 | D:1      | Radix the Human Fighter began the quest for the Orb.
     0 | D:1      | Reached XP level 1. HP: 18/18 MP: 1/1
   157 | D:1      | Reached XP level 2. HP: 12/24 MP: 2/2
   549 | D:1      | Found a faded altar of an unknown god.
  1490 | D:2      | Reached XP level 3. HP: 29/29 MP: 3/3
  2481 | D:3      | Reached XP level 4. HP: 6/35 MP: 4/4
  2482 | D:3      | Killed from afar by an orc priest

Illustrated notes

Levels and vault maps discovered:
D:1:      dpeg_arrival_oval, layout_loops_corners,
          nicolae_ecumenical_lake_church
D:2:      layout_basic
D:3:      layout_loops_ring, gammafunk_temple_overflow_statue, nrook_campfire,
          uniq_natasha

Action                   |  1- 3 |  4- 6 || total
-------------------------+-------+-------++-------
Melee: War axe           |    71 |     2 ||    73
Throw: Dart              |     5 |       ||     5
  Use: Scroll            |     5 |       ||     5
       Potion            |     2 |       ||     2
Armor: Scale mail        |    17 |       ||    17
Dodge: Dodged            |    20 |       ||    20
Block: Buckler           |    13 |       ||    13
